 Dungeon Crawl Stone Soup version 0.28.0-43-g3370ac3207 (webtiles) character file.

Game seed: 11208441616436924519

10336 Peloso the Carver (level 11, -1/99 HPs)
             Began as a Minotaur Fighter on Mar 17, 2022.
             Was a High Priest of Okawaru.
             Slain by a wolf spider (8 damage)
             ... on level 11 of the Dungeon.
             The game lasted 00:17:39 (10839 turns).

Peloso the Carver (Minotaur Fighter)               Turns: 10839, Time: 00:17:40

Health: -1/99      AC:  8    Str: 23    XL:     11   Next: 34%
Magic:  10/10      EV:  8    Int:  5    God:    Okawaru [*****.]
Gold:   388        SH:  6    Dex: 12    Spells: 10/10 levels left

rFire   . . .      SeeInvis .   a - +2 long sword (vamp)
rCold   + . .      Faith    .   c - +0 buckler
rNeg    . . .      Spirit   .   h - +0 plate armour
rPois   +          Reflect  .   G - +2 hat
rElec   .          Harm     .   t - +0 cloak
rCorr   .          Rampage  .   (no gloves)
Will    .....                   w - +0 pair of boots
Stlth   ..........              (no amulet)
HPRegen 0.26/turn               i - ring of protection from cold
MPRegen 0.12/turn               y - ring of poison resistance

@: lethally poisoned (-1 -> -8), corroded
A: horns 2, retaliatory headbutt
a: Renounce Religion, Heroism, Finesse, Duel


You were on level 11 of the Dungeon.
You worshipped Okawaru.
Okawaru was extremely pleased with you.
You visited 2 branches of the dungeon, and saw 12 of its levels.

You collected 629 gold pieces.
You spent 241 gold pieces at shops.

Inventory:

Hand Weapons
 a - a +2 vampiric long sword (weapon)
 b - a +7 hand axe of flaming
Missiles
 x - 2 throwing nets (quivered)
Armour
 c - a +0 buckler (worn)
 h - a +0 plate armour (worn)
 t - a +0 cloak (worn)
 w - a +0 pair of boots (worn)
 E - +0 swamp dragon scales
 G - a +2 hat (worn)
Jewellery
 f - an amulet of faith
 i - a ring of protection from cold (left hand)
 n - a ring of flight
 o - a ring of magical power
 y - a ring of poison resistance (right hand)
 I - an amulet of regeneration
 J - a ring of protection from cold
 K - a +6 ring of strength
 L - a ring of protection from cold
 O - a +6 ring of intelligence
Wands
 M - a wand of digging (3)
Scrolls
 e - 3 scrolls of teleportation
 g - a scroll of brand weapon
 m - 2 scrolls of blinking
 p - 6 scrolls of noise
 r - a scroll of acquirement
 v - 4 scrolls of holy word {unknown}
 B - 2 scrolls of magic mapping {unknown}
 C - a scroll of immolation {unknown}
 F - 3 scrolls of identify
 H - a scroll of fog
Potions
 d - 3 potions of might
 j - 2 potions of curing
 k - 2 potions of berserk rage
 l - 3 potions of flight
 q - 2 potions of mutation
 s - a potion of magic
 u - 2 potions of brilliance {unknown}
 z - 2 potions of cancellation {unknown}
 A - 2 potions of ambrosia {unknown}
 D - a potion of attraction {unknown}
 P - a potion of lignification {unknown}
Miscellaneous
 N - a lightning rod (4/4)


   Skills:
 + Level 9.6 Fighting
 + Level 13.4 Long Blades
 + Level 12.0 Armour
 + Level 2.3 Dodging
 + Level 0.4 Stealth
 + Level 8.8 Shields
 + Level 0.1 Invocations


You had 10 spell levels left.
You didn't know any spells.
Your spell library contained the following spells:

 Spells                   Type           Power      Damage    Failure   Level
 Blink                    Tloc           0%         N/A       100%        2
 Static Discharge         Conj/Air       0%         N/A       100%        2
 Portal Projectile        Hex/Tloc       0%         N/A       100%        3
 Leda's Liquefaction      Hex/Erth       0%         N/A       100%        4
 Lightning Bolt           Conj/Air       0%         1d11      100%        5
 Manifold Assault         Tloc           0%         N/A       100%        5
 Storm Form               Tmut/Air       0%         N/A       100%        7
 Maxwell's Capacitive Co  Air            0%         ∞         100%        8
 Call Canine Familiar     Summ           Unusable   N/A       N/A         3

Dungeon Overview and Level Annotations

Branches:
Dungeon (11/15)            Temple (1/1) D:6             Orc (0/2) D:10
   Lair: D:8-11

Altars:
Ashenzari
Cheibriados
Dithmenos
Elyvilon
Gozag
Hepliaklqana
Makhleb
Okawaru
Qazlal
Sif Muna
Trog
Uskayaw
Wu Jian
Xom
Zin
The Shining One

Shops:
D:3 ?   D:5 !   D:9 *

Annotations:
D:2 1 runed translucent door, Crazy Yiuf, Sigmund


Innate Abilities, Weirdness & Mutations

You have a pair of horns on your head.
You reflexively headbutt those who attack you in melee.


Message History

The wolf howls!
You hit the acid dragon.
You feel better.
The acid dragon is severely wounded.
You hear an angry hiss.
The water moccasin closely misses you. The water moccasin bites you!
The acid dragon bites you. You block the acid dragon's attack.
You barely miss the acid dragon. You headbutt the acid dragon.
The acid dragon is almost dead.
You block the water moccasin's attack. The water moccasin bites you.
You are poisoned.
The water moccasin poisons you! The acid dragon spits acid at you.
The splash of acid hits you!
You hear a howl!
You hear a shout!
You hear an angry hiss. x2
You slash the acid dragon!
You feel better.
You kill the acid dragon!
Okawaru accepts your kill.
The acid dragon scales are intact enough to wear.
You feel very sick.
You hear an angry hiss.
The water moccasin bites you!
The water moccasin bites you but does no damage. x2
You slash the wolf spider!
You feel better.
Your headbutt misses the wolf spider.
The wolf spider is lightly wounded.
You feel sick. The wolf spider hits you. The wolf spider bites you!
The water moccasin bites you! You block the water moccasin's attack.
The wolf spider hits you.
* * * LOW HITPOINT WARNING * * *
The wolf spider bites you!
* * * LOW HITPOINT WARNING * * *
You slash the wolf spider! Your headbutt misses the wolf spider.
The wolf spider is moderately wounded.
You feel sick. The water moccasin bites you.
* * * LOW HITPOINT WARNING * * *
A wolf comes into view.
The wolf spider hits you.
* * * LOW HITPOINT WARNING * * *
The wolf spider bites you!
You die...

..
##..##........##..##
... ##..
...........##
....#...
(..........# P...#..
........## P..P.#.##
.........# .PP.....#
#.#......## #h..h#
#.##......#
.PP.#h#S#
#.##....... . #lS@##
##.........# ####s##
#...###....#
##..###..##.....##
#...............#
#..##...##.......#
#.... ##.######....#
#..... #.# ##....
.#.... ... ##....
..#... ....#


You could see a wolf spider, 2 water moccasins, a black bear, a wyvern and 2
wolves.

Vanquished Creatures
  Nergalle (D:10)
  Pikel (D:3)
  Joseph (D:10)
  Maggie (D:7)
  4 trolls
  A hornet (D:9)
  11 yaks
  A wraith (D:11)
  A spriggan (D:8)
  An acid dragon (D:11)
  2 water moccasins
  A black bear (D:11)
  A hornet zombie (D:6)
  9 orc warriors
  3 sky beasts
  A necrophage (D:5)
  6 centaurs
  5 ogres
  6 kobold brigands
  A bullfrog (D:8)
  3 gnoll sergeants
  3 scorpions
  A wyvern skeleton (D:7)
  A water moccasin skeleton (D:6)
  5 wights (D:9)
  7 killer bees
  3 centaur zombies (D:10)
  2 bullfrog zombies
  3 orc priests
  3 hounds
  2 jellies
  A centaur skeleton (D:6)
  2 bullfrog skeletons
  2 gnoll shamans
  4 iguanas
  A scorpion zombie (D:4)
  6 orc wizards
  A hound skeleton (D:4)
  2 howler monkey zombies
  17 gnolls
  11 adders
  3 white imps
  An ufetubus (D:5)
  An adder zombie (D:5)
  A worm (D:2)
  29 orcs
  5 bats
  5 endoplasms
  2 giant cockroaches
  7 goblins
  7 hobgoblins
  5 jackals
  19 kobolds
  6 ball pythons
  5 frilled lizards
  4 rats
238 creatures vanquished.

Vanquished Creatures (others)
  29 plants
29 creatures vanquished.

Grand Total: 267 creatures vanquished

Notes
Turn   | Place    | Note
-------+----------+-------------------------------------------
     0 | D:1      | Peloso the Minotaur Fighter began the quest for the Orb.
     0 | D:1      | Reached XP level 1. HP: 19/19 MP: 0/0
   134 | D:1      | Found a faded altar of an unknown god.
   151 | D:1      | Reached XP level 2. HP: 24/27 MP: 1/1
   838 | D:2      | Reached XP level 3. HP: 25/33 MP: 2/2
   987 | D:2      | Found a runed translucent door.
   988 | D:2      | Noticed Crazy Yiuf
  1034 | D:2      | Reached skill level 3 in Long Blades
  1152 | D:2      | Noticed Sigmund
  1520 | D:3      | Reached XP level 4. HP: 40/40 MP: 3/3
  1967 | D:3      | Found Nasoluv's Magic Scroll Shop.
  1974 | D:3      | Bought a scroll of identify for 28 gold pieces
  1974 | D:3      | Bought a scroll of noise for 14 gold pieces
  1974 | D:3      | Bought a scroll of fear for 49 gold pieces
  1974 | D:3      | Bought a scroll of teleportation for 42 gold pieces
  2123 | D:3      | Reached skill level 4 in Long Blades
  2123 | D:3      | Reached XP level 5. HP: 27/47 MP: 4/4
  2269 | D:4      | Noticed Pikel
  2269 | D:4      | Noticed a lemure
  2269 | D:4      | Noticed a lemure
  2269 | D:4      | Noticed a lemure
  2269 | D:4      | Noticed a lemure
  2303 | D:3      | Killed Pikel
  2304 | D:3      | Reached skill level 5 in Fighting
  2304 | D:3      | Reached skill level 5 in Long Blades
  2304 | D:3      | Reached skill level 1 in Dodging
  2304 | D:3      | Reached skill level 5 in Shields
  2304 | D:3      | Reached XP level 6. HP: 48/56 MP: 5/5
  2304 | D:3      | Reached XP level 7. HP: 52/61 MP: 6/6
  2772 | D:4      | Found a hide-covered altar of Uskayaw.
  2894 | D:4      | Reached skill level 6 in Long Blades
  3326 | D:5      | Entered Level 5 of the Dungeon
  3514 | D:5      | Reached XP level 8. HP: 70/70 MP: 7/7
  3526 | D:5      | Found a broken altar of Ashenzari.
  3687 | D:5      | Reached skill level 7 in Long Blades
  3796 | D:5      | Found an opulent altar of Gozag.
  4037 | D:5      | Found Haafoyl's Distillery.
  4046 | D:5      | Bought a potion of degeneration for 12 gold pieces
  4058 | D:5      | Bought a potion of mutation for 96 gold pieces
  4370 | D:6      | Reached skill level 8 in Long Blades
  4572 | D:6      | Found a staircase to the Ecumenical Temple.
  4581 | Temple   | Entered the Ecumenical Temple
  4612 | Temple   | Became a worshipper of Warmaster Okawaru
  5014 | D:6      | HP: 3/71 [orc warrior/iceblast (4)]
  5341 | D:6      | Reached skill level 9 in Long Blades
  5341 | D:6      | Reached XP level 9. HP: 78/78 MP: 8/8
  6063 | D:7      | Found a snail-covered altar of Cheibriados.
  6079 | D:7      | Reached * piety under Okawaru
  6147 | D:7      | Identified a scroll of acquirement
  6395 | D:7      | Noticed Maggie
  6412 | D:7      | Killed Maggie
  6413 | D:7      | Reached skill level 10 in Long Blades
  7207 | D:8      | Reached ** piety under Okawaru
  7214 | D:8      | Reached skill level 10 in Armour
  7764 | D:9      | Found Heblagy's Assorted Antiques.
  7788 | D:9      | Reached XP level 10. HP: 73/88 MP: 9/9
  8034 | D:9      | Reached skill level 11 in Long Blades
  8040 | D:9      | Reached *** piety under Okawaru
  9133 | D:10     | Entered Level 10 of the Dungeon
  9416 | D:10     | Reached **** piety under Okawaru
  9526 | D:10     | Noticed Nergalle
  9538 | D:10     | Killed Nergalle
  9539 | D:10     | Reached skill level 12 in Long Blades
 10188 | D:10     | Reached ***** piety under Okawaru
 10189 | D:10     | Reached XP level 11. HP: 97/97 MP: 10/10
 10281 | D:10     | Noticed Joseph
 10297 | D:10     | Killed Joseph
 10317 | D:10     | Found a staircase to the Orcish Mines.
 10325 | D:10     | Reached skill level 13 in Long Blades
 10832 | D:11     | Noticed a wolf spider
 10839 | D:11     | Slain by a wolf spider

Illustrated notes

Levels and vault maps discovered:
D:1:      dpeg_arrival_arbitrary_b, layout_loops_ring, basic_ecumenical_altar
D:2:      layout_loops_ring, uniq_sigmund, uniq_robin, uniq_crazy_yiuf_cottage
D:3:      layout_basic, serial_shops, shop_scrolls, grunt_ministairs_8,
          minmay_fractal_squares_5
D:4:      layout_loops_corners, mainiacjoe_overflow_chevrons, uniq_pikel,
          uniq_menkaure
D:5:      layout_loops_ring, nicolae_ashenzari_panopticon, grunt_gozag_statues,
          serial_shops, nicolae_stop_n_shop_1
D:6:      layout_rooms, minmay_temple_entry_trees
D:7:      layout_basic, mainiacjoe_overflow_concentric_impassable, uniq_maggie
D:8:      layout_rooms, minmay_misc_feat_room, the_hattery
D:9:      layout_roguey, serial_shops, nicolae_stop_n_shop_2,
          minmay_misc_feat_plants
D:10:     layout_basic, kennysheep_orc_monster_closet_entryway,
          kennysheep_generic_room_10, uniq_nergalle, uniq_joseph
D:11:     layout_layer_cave, minmay_lair_entry_grove, serial_shops,
          nicolae_shop_trees, st_stairs_10, minmay_bent
Temple:   mainiacjoe_temple_coin_purse

Skill      XL: |  1  2  3  4  5  6  7  8  9 10 11 |
---------------+----------------------------------+-----
Armour         | 4 6 8 10 11 12 | 12.0
Fighting       | 4 5 6 8 9 |  9.6
Shields        | 4 5 6 7 8 |  8.8
Long Blades    | 3 4 5 6 9 10 12 13 | 13.4
Dodging        | 1 2 |  2.3
Stealth        | |  0.4
Invocations    | |  0.1

Action                   |  1- 3 |  4- 6 |  7- 9 | 10-12 || total
-------------------------+-------+-------+-------+-------++-------
Melee: Long sword        |    72 |       |       |   266 ||   338
       Headbutt          |     9 |     9 |    65 |    70 ||   153
       Falchion          |    18 |    58 |   428 |    63 ||   567
Invok: Heroism           |       |       |       |     1 ||     1
  Use: Scroll            |     3 |     2 |     6 |       ||    11
       Potion            |       |       |     3 |       ||     3
Armor: Scale mail        |    19 |       |       |       ||    19
       Plate armour      |    38 |    43 |   234 |   163 ||   478
Dodge: Dodged            |    20 |     8 |   126 |   109 ||   263
Block: Buckler           |    25 |    20 |   100 |    77 ||   222
